 Dungeon Crawl Stone Soup version 0.24-a0-106-gcea5463 (webtiles) character file.

Game seed: 15352869575087219396

17577 galech the Cleaver (level 12, -5/91 (92) HPs)
             Began as a Demonspawn Fighter on Feb 13, 2019.
             Was the Champion of Okawaru.
             Slain by a two-headed ogre
             ... wielding a +0 giant club
              (15 damage)
             ... while paralysed by an ogre mage
             ... on level 2 of the Orcish Mines.
             The game lasted 00:18:24 (12417 turns).

galech the Cleaver (Demonspawn Fighter)            Turns: 12417, Time: 00:18:26

HP:   -5/91 (92)    AC: 21    Str: 20    XL:     12   Next: 20%
MP:   13/13         EV:  2    Int: 11    God:    Okawaru [******]
Gold: 1554          SH:  0    Dex: 23    Spells: 11/11 levels left

rFire    + . .     SeeInvis .   N - +10 broad axe of Pride {freeze, *Contam Str+5 Dex+2}
rCold    . . .     Gourm    .   c - +0 shield
rNeg     + . .     Faith    .   e - +0 chain mail
rPois    .         Spirit   .   (helmet restricted)
rElec    .         Reflect  .   u - +0 cloak
rCorr    .         Harm     .   (no gloves)
MR       .....                  R - +1 pair of boots
Stlth    ..........             l - amulet of rage
HPRegen  0.25/turn              s - +3 ring of protection
MPRegen  0.13/turn              K - ring of positive energy

@: paralysed, agile, slowed
A: horns 2, molten scales 3, demonic guardian 2, powered by pain 1, weak 1, wild
magic 1
a: Heroism, Finesse, Renounce Religion, Evoke Berserk Rage


You were on level 2 of the Orcish Mines.
You worshipped Okawaru.
Okawaru was exalted by your worship.
You were not hungry.

You visited 2 branches of the dungeon, and saw 14 of its levels.
You also visited: Ossuary.

You collected 1554 gold pieces.

Inventory:

Hand Weapons
 N - the +10 broad axe of Pride (weapon) {freeze, *Contam Str+5 Dex+2}
   (Okawaru gifted it to you on level 10 of the Dungeon)

   It has been specially enchanted to freeze those struck by it, causing extra
   injury to most foes and up to half again as much damage against particularly
   susceptible opponents.
   It can also slow down cold-blooded creatures.
   It affects your strength (+5).
   It affects your dexterity (+2).
   It causes magical contamination when unequipped.
 T - a +4 broad axe of chopping
 V - a +1 vampiric war axe
Armour
 c - a +0 shield (worn)
 e - a +0 chain mail (worn)
 u - a +0 cloak (worn)
 B - a +2 leather armour of cold resistance
 R - a +1 pair of boots (worn)
 U - a +2 leather armour of fire resistance
Jewellery
 l - an amulet of rage (around neck)
 s - a +3 ring of protection (left hand)
 K - a ring of positive energy (right hand)
Wands
 x - a wand of scattershot (5)
 C - a wand of iceblast (13)
 D - a wand of random effects (35)
 F - a wand of paralysis (19)
 G - a wand of disintegration (13)
 H - a wand of clouds (6)
 I - a wand of flame (26)
 J - a wand of polymorph (10)
 P - a wand of digging (7)
Scrolls
 a - 2 scrolls of identify
 i - 3 scrolls of amnesia
 j - 5 scrolls of remove curse
 k - 3 scrolls of fog
 m - 5 scrolls of enchant weapon
 p - 4 scrolls of random uselessness
 q - 7 scrolls of teleportation
 t - 3 scrolls of noise
 v - a scroll of immolation {unknown}
 y - 7 scrolls of magic mapping
 E - 2 scrolls of fear
 L - 3 scrolls of silence
 M - 2 scrolls of blinking
 Q - a scroll of brand weapon
Potions
 b - 4 potions of lignification
 d - 9 potions of curing
 g - a potion of brilliance
 h - 2 potions of mutation
 n - 7 potions of degeneration {unknown}
 o - 4 potions of haste
 r - 5 potions of heal wounds {unknown}
 w - 2 potions of might
 z - a potion of berserk rage {unknown}
 A - a potion of resistance {unknown}
 O - a potion of cancellation
Comestibles
 f - 31 rations


   Skills:
 + Level 8.1 Fighting
 + Level 12.3 Axes
 + Level 8.0 Armour
 + Level 2.7 Dodging
 + Level 2.0 Stealth
 + Level 9.1 Shields
 + Level 1.4 Invocations


You had 11 spell levels left.
You didn't know any spells.
Your spell library contained the following spells:

 Spells                   Type           Power        Failure   Level  Hunger
 Summon Small Mammal      Summ           #...         100%        1    ##.....
 Call Imp                 Summ           #.......     100%        2    ###....
 Call Canine Familiar     Summ           #.......     100%        3    ####...
 Summon Guardian Golem    Hex/Summ       #.......     100%        3    ####...
 Summon Ice Beast         Ice/Summ       #.......     100%        4    #####..
 Summon Lightning Spire   Summ/Air       #.......     100%        4    #####..


Dungeon Overview and Level Annotations

Branches:
Dungeon (12/15)            Temple (0/1) D:6            Lair (0/6) D:11
    Orc (2/2) D:12            Elf (0/3) Orc:2

Altars:
Dithmenos
Elyvilon
Fedhas
Gozag
Nemelex Xobeh
Okawaru
Qazlal
Trog
Vehumet
Xom
The Shining One
Beogh

Shops:
D:6 =   D:11 (   Orc:2 !

Annotations:
D:4 1 runed translucent door
D:12 4 runed translucent doors


Innate Abilities, Weirdness & Mutations

You have a pair of horns on your head.
You are completely covered in molten scales. (AC +4, rF+)
A demonic guardian rushes to your aid.
You sometimes gain a little power by taking damage.
You are weak. (Str -2)
Your spells are a little harder to cast, but a little more powerful.


Message History

The ogre mage hits you from afar with a +0 spear!
A deep troll comes into view.
The two-headed ogre hits you but does no damage. x2
The ogre mage casts a spell at you.
You feel yourself slow down. The cyclops hits you!
The ogre mage hits you but does no damage.
The ogre mage hits you but does no damage.
The cyclops hits you!
The two-headed ogre hits you with a +0 giant spiked club.
* * * LOW HITPOINT WARNING * * *
The two-headed ogre hits you with a +0 giant club.
* * * LOW HITPOINT WARNING * * *
The ogre mage hits you from afar with a +0 spear.
* * * LOW HITPOINT WARNING * * *
An ogre comes into view. It is wielding a +0 giant club.
The ogre mage hits you but does no damage.
The two-headed ogre hits you with a +0 giant club.
* * * LOW HITPOINT WARNING * * *
The two-headed ogre hits you with a +0 dire flail!
You die...

......T
#......
#$.....
#......
......O
#......
#...TO###
#OCO.##
#...#O@))#
## ###)##
# #)3.# ##
##)## #.
##.###
####
#....##
#.# #.
##....#
#.## ##..
##...###
##..#
#...##
##...)#.#
####....


You could see 2 two-headed ogres, 2 ogre magi, a deep troll, a cyclops, an ogre
and a friendly sixfirhy.

Vanquished Creatures
  Snorg (Orc:1)
  A hydra (D:12)
  2 two-headed ogres (Orc:2)
  A cyclops (Orc:2)
  Maurice (D:9)
  A komodo dragon (D:11)
  6 trolls (Orc:2)
  Prince Ribbit (D:7)
  3 hippogriffs
  The ghost of p0werm0de the Ruffian, an amateur TrWz (D:4)
  2 yaks (D:8)
  A wraith (D:10)
  Eustachio (D:5)
  A basilisk (D:11)
  A steam dragon (D:8)
  Grum (D:9)
  2 wargs (Orc:2)
  2 water moccasins
  2 sky beasts
  3 ice beasts
  8 orc warriors
  3 phantoms
  5 necrophages (D:9)
  16 ogres
  6 centaurs
  Blork the orc (D:6)
  4 big kobolds
  3 bullfrogs
  2 water moccasin zombies (D:9)
  A water moccasin skeleton (D:5)
  4 scorpions
  5 wights
  An electric eel (D:12)
  7 crimson imps
  3 bullfrog zombies
  2 jellies
  Crazy Yiuf (D:5)
  2 bullfrog skeletons
  16 orc priests
  6 hounds
  4 centaur skeletons
  2 iguanas
  Ijyb (D:5)
  16 orc wizards
  4 worker ants
  3 hound zombies
  A hound skeleton (D:6)
  7 mummies (Ossuary)
  A worker ant zombie (D:5)
  3 gnolls (D:5)
  10 adders
  2 shadow imps
  An ooze (D:4)
  3 adder skeletons
  5 worms
  3 dart slugs
  5 leopard geckos
  33 orcs
  2 giant cockroaches
  A gnoll zombie (Ossuary)
  5 goblins
  7 hobgoblins
  12 jackals
  20 kobolds
  4 quokkas
  4 ball pythons
  3 bats
  2 frilled lizards
  A goblin zombie (D:4)
  2 hobgoblin zombies (Ossuary)
  2 jackal skeletons
  2 kobold zombies (Ossuary)
  3 orc zombies (Ossuary)
  A rat (D:1)
  A rat zombie (D:4)
  A bush (D:9)
307 creatures vanquished.

Vanquished Creatures (collateral kills)
  A hydra (D:11)
  3 two-headed ogres (Orc:2)
  2 ugly things (D:11)
  2 trolls (Orc:2)
  9 yaks
  A water moccasin (D:8)
  3 orc warriors
  A necrophage (D:9)
  A phantom (D:6)
  2 wolves (D:9)
  4 ogres
  A centaur (D:8)
  A big kobold (D:9)
  2 wights (D:7)
  A bullfrog zombie (D:9)
  2 hounds
  An orc wizard (D:8)
  A worker ant (D:8)
  A mummy (Ossuary)
  An adder (D:8)
  2 worms
  2 orcs (D:5)
  A bat (D:3)
  2 kobolds (D:9)
47 creatures vanquished.

Vanquished Creatures (others)
  A bush (D:9)
  8 plants
9 creatures vanquished.

Grand Total: 363 creatures vanquished

Notes
Turn   | Place    | Note
-------+----------+-------------------------------------------
     0 | D:1      | galech the Demonspawn Fighter began the quest for the Orb.
     0 | D:1      | Reached XP level 1. HP: 18/18 MP: 1/1
   538 | D:1      | Gained mutation: You sometimes gain a little power by
                  | taking damage. [demonic ancestry]
   538 | D:1      | Reached XP level 2. HP: 24/24 MP: 2/2
   775 | D:2      | Reached skill level 2 in Axes
   776 | D:2      | Gained mutation: A weak demonic guardian rushes to your
                  | aid. [demonic ancestry]
   776 | D:2      | Reached XP level 3. HP: 10/29 MP: 3/3
  1081 | D:2      | Found a stormy altar of Qazlal.
  1727 | D:3      | Reached XP level 4. HP: 31/35 MP: 4/4
  1884 | D:4      | Found an iron altar of Okawaru.
  1920 | D:4      | Became a worshipper of Warmaster Okawaru
  1928 | D:4      | Reached skill level 3 in Axes
  1928 | D:4      | Gained mutation: You have a pair of small horns on your
                  | head. [demonic ancestry]
  1928 | D:4      | Reached XP level 5. HP: 37/41 MP: 5/5
  1957 | D:4      | Found a sand-covered staircase.
  1971 | Ossuary  | Entered an ossuary
  2699 | D:4      | Found a runed translucent door.
  2702 | D:4      | Noticed p0werm0de's ghost (amateur TrWz)
  2725 | D:4      | Found a runed translucent door.
  2828 | D:4      | Found a bloodstained altar of Trog.
  2872 | D:4      | Gained mutation: You have a pair of horns on your head.
                  | [demonic ancestry]
  2872 | D:4      | Reached XP level 6. HP: 47/47 MP: 6/6
  2912 | D:4      | Reached skill level 4 in Axes
  3256 | D:5      | Entered Level 5 of the Dungeon
  3256 | D:5      | Noticed Eustachio
  3300 | D:5      | Killed Eustachio
  3300 | D:5      | Reached * piety under Okawaru
  3300 | D:5      | Reached XP level 7. HP: 43/53 MP: 7/7
  3360 | D:5      | Reached skill level 5 in Axes
  3751 | D:5      | Reached ** piety under Okawaru
  3918 | D:5      | Noticed Ijyb
  3927 | D:5      | Killed Ijyb
  4023 | D:5      | Found the +3 robe of Clouds {+Thunder rCloud rElec}
  4062 | D:5      | Reached skill level 6 in Axes
  4067 | D:5      | Reached XP level 8. HP: 46/60 MP: 8/8
  4075 | D:5      | Reached skill level 1 in Dodging
  4268 | D:5      | Found a runed translucent door.
  4269 | D:5      | Noticed Crazy Yiuf
  4308 | D:5      | Found a shimmering altar of Xom.
  4350 | D:5      | Killed Crazy Yiuf
  4448 | D:6      | Found a sparkling altar of Nemelex Xobeh.
  4470 | D:6      | Reached skill level 5 in Shields
  4743 | D:6      | Found a shadowy altar of Dithmenos.
  4744 | D:6      | Found an opulent altar of Gozag.
  4744 | D:6      | Found a radiant altar of Vehumet.
  4744 | D:6      | Found a glowing golden altar of the Shining One.
  4891 | D:6      | Found a staircase to the Ecumenical Temple.
  4902 | D:6      | Noticed Blork the orc
  4911 | D:6      | Killed Blork the orc
  4911 | D:6      | Reached skill level 7 in Axes
  5094 | D:6      | Reached skill level 5 in Fighting
  5153 | D:6      | Reached *** piety under Okawaru
  5429 | D:6      | Found Doduada's Jewellery Shoppe.
  5714 | D:7      | Noticed a hippogriff
  5722 | D:7      | Killed a hippogriff
  5722 | D:7      | Reached skill level 5 in Armour
  5722 | D:7      | Gained mutation: A demonic guardian rushes to your aid.
                  | [demonic ancestry]
  5722 | D:7      | Reached XP level 9. HP: 68/68 MP: 9/9
  6423 | D:7      | Reached skill level 8 in Axes
  6502 | D:7      | Noticed Prince Ribbit
  6512 | D:7      | Killed Prince Ribbit
  6512 | D:7      | Reached skill level 1 in Stealth
  6587 | D:8      | Reached **** piety under Okawaru
  6593 | D:8      | Received a gift from Okawaru
  6897 | D:8      | Found a white marble altar of Elyvilon.
  6912 | D:8      | Reached XP level 10. HP: 76/76 MP: 10/10
  6922 | D:8      | Reached skill level 9 in Axes
  7374 | D:9      | Reached ***** piety under Okawaru
  7445 | D:9      | Noticed Grum
  7454 | D:9      | Killed Grum
  7519 | D:9      | Noticed Maurice
  7525 | D:9      | Killed Maurice
  7841 | D:9      | Found a blossoming altar of Fedhas.
  8096 | D:9      | Reached skill level 10 in Axes
  8189 | D:10     | Entered Level 10 of the Dungeon
  8632 | D:10     | Received a gift from Okawaru
  8639 | D:10     | Got an ancient broad axe {god gift}
  8642 | D:10     | Identified the +10 broad axe of Pride {freeze, *Contam
                  | Str+5 Dex+2} (Okawaru gifted it to you on level 10 of the
                  | Dungeon)
  9046 | D:11     | Found a bloodstained altar of Trog.
  9051 | D:11     | Found Qaihi's Weapon Emporium.
  9082 | D:11     | Found a staircase to the Lair.
  9093 | D:11     | Gained mutation: You are partially covered in molten
                  | scales. (AC +2) [demonic ancestry]
  9093 | D:11     | Reached XP level 11. HP: 82/82 MP: 11/11
  9247 | D:11     | Noticed a seven-headed hydra
  9255 | D:11     | Killed a seven-headed hydra
  9530 | D:11     | Noticed a cyan ugly thing
  9533 | D:11     | Noticed a purple ugly thing
  9538 | D:11     | Killed a cyan ugly thing
  9540 | D:11     | Killed a purple ugly thing
  9712 | D:12     | Found a huge runed translucent gate.
  9769 | D:12     | Noticed a seven-headed hydra
  9804 | D:12     | Killed a ten-headed hydra
 10007 | D:12     | Found a huge runed translucent gate.
 10008 | D:12     | Found a huge runed translucent gate.
 10009 | D:12     | Found a huge runed translucent gate.
 10026 | D:12     | Found a staircase to the Orcish Mines.
 10173 | D:12     | Reached skill level 11 in Axes
 10799 | D:4      | Killed p0werm0de's ghost
 11043 | Orc:1    | Entered Level 1 of the Orcish Mines
 11055 | Orc:1    | Noticed Snorg
 11409 | Orc:1    | Killed Snorg
 11409 | Orc:1    | Received a gift from Okawaru
 11409 | Orc:1    | Reached skill level 1 in Invocations
 11501 | Orc:1    | Gained mutation: You are frail. (-10% HP) [mutagenic glow]
 11661 | Orc:2    | Entered Level 2 of the Orcish Mines
 11866 | Orc:2    | Found Wuyjuqeh's Distillery.
 11945 | Orc:2    | Found a roughly hewn altar of Beogh.
 12095 | Orc:2    | Found a staircase to the Elven Halls.
 12120 | Orc:2    | Noticed a two-headed ogre
 12121 | Orc:2    | Noticed a two-headed ogre
 12131 | Orc:2    | Noticed a two-headed ogre
 12131 | Orc:2    | Killed a two-headed ogre
 12131 | Orc:2    | Received a gift from Okawaru
 12135 | Orc:2    | Killed a two-headed ogre
 12145 | Orc:2    | Killed a two-headed ogre
 12282 | Orc:2    | Reached ****** piety under Okawaru
 12282 | Orc:2    | Gained mutation: You are mostly covered in molten scales.
                  | (AC +3) [demonic ancestry]
 12282 | Orc:2    | Reached XP level 12. HP: 63/81 MP: 13/13
 12283 | Orc:2    | Lost mutation: You are frail. (-10% HP) [potion of
                  | mutation]
 12283 | Orc:2    | Gained mutation: You are weak. (Str -2) [potion of
                  | mutation]
 12283 | Orc:2    | Gained mutation: You are completely covered in molten
                  | scales. (AC +4, rF+) [potion of mutation]
 12283 | Orc:2    | Gained mutation: Your spells are a little harder to cast,
                  | but a little more powerful. [potion of mutation]
 12374 | Orc:2    | Noticed a two-headed ogre
 12379 | Orc:2    | Killed a two-headed ogre
 12398 | Orc:2    | Reached skill level 12 in Axes
 12399 | Orc:2    | Noticed a two-headed ogre
 12405 | Orc:2    | Noticed a two-headed ogre
 12405 | Orc:2    | Noticed a two-headed ogre
 12406 | Orc:2    | Killed a two-headed ogre
 12406 | Orc:2    | Noticed an ogre mage
 12411 | Orc:2    | Received a gift from Okawaru
 12411 | Orc:2    | Noticed an ogre mage
 12412 | Orc:2    | Paralysed by an ogre mage for 6 turns
 12417 | Orc:2    | Slain by a two-headed ogre

Levels and vault maps discovered:
D:1:      lightli_arrival_statue_moat, layout_basic
D:2:      layout_rooms, grunt_qazlal_clouds, first_ration
D:3:      layout_basic
D:4:      kennysheep_spiral_hall, layout_basic, bloody_trog,
          overflow_temple_1_default, enter_ossuary_4, ebering_ghost_sewer_f,
          corexii_hall_statues_i, serial_bayou_ford_a
D:5:      layout_basic, kennysheep_little_box, uniq_crazy_yiuf_cottage,
          uniq_ijyb, uniq_eustachio
D:6:      minmay_chambers_of_fours, layout_loops_corners,
          nemelex_xobeh_ov_fountains_minmay,
          chequers_temple_overflow_statue_of_worship,
          minmay_temple_entry_slanted, serial_shops, shop_fountains,
          uniq_blork_the_orc
D:7:      layout_gridville, uniq_prince_ribbit1
D:8:      layout_rooms, elyvilon_altar_3, blue_anna_alchemist
          [blue_anna_fruit_fields, blue_anna_fruit_fields]
D:9:      layout_gridville, fedhas_altar_decomposition, uniq_maurice, uniq_grum
D:10:     layout_basic
D:11:     layout_rooms, david_lair_shrubbed, basic_altar, serial_shops, shop
D:12:     lemuel_bear_cage, layout_basic, orc_0_dummy,
          kennysheep_generic_room_16
Orc:1:    layout_caves, serial_shops, shop, uniq_snorg
Orc:2:    st_orc_open, layout_diamond_mine, serial_shops, shop, basic_altar
Ossuary:  ossuary_tomb_3

Skill      XL: |  1  2  3  4  5  6  7  8  9 10 11 12 |
---------------+-------------------------------------+-----
Shields        | 3 4 6 8 9 |  9.1
Axes           | 2 3 4 6 7 8 10 11 12 | 12.3
Armour         | 3 4 5 6 8 |  8.0
Fighting       | 4 5 6 7 8 |  8.1
Dodging        | 1 2 |  2.7
Stealth        | 1 2 |  2.0
Invocations    | 1 |  1.4

Action                   |  1- 3 |  4- 6 |  7- 9 | 10-12 || total
-------------------------+-------+-------+-------+-------++-------
Melee: War axe           |   114 |   136 |    15 |       ||   265
       Headbutt          |       |    24 |    83 |   132 ||   239
       Hand axe          |       |       |   327 |   357 ||   684
       Broad axe         |       |       |       |   196 ||   196
Invok: Heroism           |       |       |     3 |     4 ||     7
       Finesse           |       |       |       |     1 ||     1
  Use: Potion            |     2 |       |       |     1 ||     3
       Scroll            |       |       |       |    17 ||    17
 Stab: Distracted        |       |     1 |     3 |       ||     4
  Eat: Chunk             |     3 |     2 |    12 |    11 ||    28
       Ration            |       |     1 |       |     2 ||     3
Armor: Chain mail        |    89 |    76 |   133 |   203 ||   501
Dodge: Dodged            |    30 |    20 |    49 |   119 ||   218
Block: Shield            |    71 |    79 |   155 |   218 ||   523

Table legend:
 A = Non-vault XP
 B = Vault XP
 C = Vault XP percentage of total XP
 D = Non-vault monster count
 E = Vault monster count
 F = Vault count percentage of total count
                 A         B        C        D         E       F
            +---------+---------+-------+---------+---------+-------
      Total |   14516 |   10594 |  42.2 |     278 |      75 |  21.2
            +---------+---------+-------+---------+---------+-------
        D:1 |      17 |       0 |   0.0 |       9 |       0 |   0.0
        D:2 |      68 |       0 |   0.0 |      19 |       0 |   0.0
        D:3 |      55 |       0 |   0.0 |       8 |       0 |   0.0
        D:4 |     275 |     387 |  58.5 |      16 |      10 |  38.5
        D:5 |     742 |     228 |  23.5 |      30 |       3 |   9.1
        D:6 |     850 |     278 |  24.6 |      19 |       5 |  20.8
        D:7 |    1125 |     183 |  14.0 |      16 |       1 |   5.9
        D:8 |    2375 |     103 |   4.2 |      45 |       1 |   2.2
        D:9 |    1581 |    1400 |  47.0 |      27 |      11 |  28.9
       D:10 |    1110 |       0 |   0.0 |      16 |       0 |   0.0
       D:11 |    2204 |     367 |  14.3 |      17 |       1 |   5.6
       D:12 |    1463 |     115 |   7.3 |      14 |       1 |   6.7
      Orc:1 |     935 |    1032 |  52.5 |      18 |       1 |   5.3
      Orc:2 |    1716 |    6351 |  78.7 |      24 |      25 |  51.0
    Ossuary |       0 |     150 | 100.0 |       0 |      16 | 100.0
            +---------+---------+-------+---------+---------+-------
